 Dungeon Crawl Stone Soup version 0.31-a0-233-g139696dc86 (webtiles) character file.

Game seed: 11234876459847441996

441 qw the Shooter (level 7, -9/43 HPs)
             Began as a Gargoyle Hexslinger on July 9, 2023.
             Was an Initiate of Okawaru.
             Mangled by an ogre
             ... wielding a +0 giant club
              (13 damage)
             ... on level 5 of the Dungeon.
             The game lasted 00:01:28 (3554 turns).

qw the Shooter (Gargoyle Hexslinger)                Turns: 3554, Time: 00:01:29

Health: -9/43      AC: 11    Str: 11    XL:     7   Next: 2%
Magic:  8/8        EV: 10    Int: 14    God:    Okawaru [......]
Gold:   202        SH:  0    Dex: 14    Spells: 7/8 levels left

rFire   . . .        Y - +0 shortbow (heavy)
rCold   . . .        (shield currently unavailable)
rNeg    + . .        i - +0 ring mail
rPois   inf          h - +0 helmet
rElec   +            (no cloak)
rCorr   .            (no gloves)
SInv    .            (no boots)
Will    .....        b - amulet of regeneration
Stlth   +            (no ring)
HPRegen 1.07/turn    (no ring)
MPRegen 0.11/turn

%: no passive effects
@: no status effects
A: sickness immunity, AC +4, negative energy resistance 1, electricity
resistance, torment resistance 1, petrification resistance
a: Renounce Religion


You were on level 5 of the Dungeon.
You worshipped Okawaru.
Okawaru was noncommittal.
You visited 2 branches of the dungeon, and saw 6 of its levels.

You collected 202 gold pieces.


Innate Abilities, Weirdness & Mutations

You are immune to sickness and miasma.
Your stone body is resilient. (AC +4)
You are immune to poison.
You resist negative energy. (rN+)
You are resistant to electric shocks. (rElec)
You are resistant to unholy torment.
You are immune to petrification.


   Skills:
 - Level 4.1 Fighting
 + Level 6.0 Ranged Weapons
 - Level 1.2 Armour
 - Level 1.5 Dodging
 - Level 1.0 Spellcasting
 - Level 2.6 Hexes


You had 7 spell levels left.
You knew the following spells:

 Your Spells              Type           Power      Damage    Failure   Level
a - Slow                  Hex            32%        N/A       21%         1

Your spell library contained the following spells:

 Spells                   Type           Power      Damage    Failure   Level
 Inner Flame              Hex/Fire       4%         N/A       71%         3
 Portal Projectile        Hex/Tloc       8%         N/A       71%         3
 Cause Fear               Hex            4%         N/A       90%         4

Inventory:

Hand Weapons
 Y - a +0 heavy shortbow (weapon)
Armour
 h - a +0 helmet (worn)
 i - a +0 ring mail (worn)
Jewellery
 a - a ring of ice
 b - an amulet of regeneration (around neck)
Scrolls
 f - 2 scrolls of identify
Potions
 l - 2 potions of curing

Dungeon Overview and Level Annotations

Branches:
Dungeon (5/15)             Temple (1/1) D:4

Altars:
Ashenzari
Cheibriados
Dithmenos
Fedhas
Hepliaklqana
Kikubaaqudgha
Makhleb
Nemelex Xobeh
Okawaru
Trog
Uskayaw
Vehumet
Wu Jian
Xom
Zin
The Shining One

Shops:
D:3 (

Annotations:
D:5 Pikel


Message History

You start waiting.
You feel less batty.
Your +0 heavy shortbow unmelds from your body.
Your +0 helmet unmelds from your body.
Your +0 ring mail unmelds from your body.
You open the door.
An ogre comes into view. It is wielding a +0 giant club.
The ogre shouts!
The ogre moves out of view.
Found a plate armour.
Enter note:
Enter note:
Enter note:
Enter note:
Enter note:
Enter note: You shoot an arrow.
The arrow barely misses the ogre.
The ogre hits you with a +0 giant club!
You shoot an arrow. The arrow hits the ogre!
The ogre is moderately wounded.
The ogre hits you but does no damage. The ogre hits you with a +0 giant club!
You shoot an arrow. The arrow hits the ogre.
The ogre is moderately wounded.
The ogre hits you with a +0 giant club!
You shoot an arrow. The arrow barely misses the ogre.
The ogre misses you.
You shoot an arrow.
The arrow hits the ogre but does no damage.
The ogre is moderately wounded.
The ogre closely misses you.
You shoot an arrow. The arrow hits the ogre.
The ogre is heavily wounded.
The ogre closely misses you.
You shoot an arrow. The arrow hits the ogre.
The ogre is severely wounded.
The ogre hits you with a +0 giant club!
You shoot an arrow. The arrow hits the ogre!
The ogre is almost dead.
The ogre hits you with a +0 giant club!
You die...

#>.#######..
#..#........
#........ ###
#........
#..## #
#........
#...# .#
#......##
#...# ..#
#......#
#...#...#
#......#
+(.@O...#
#......#
#####...#
#......# [..#
#......# ..#
#......# ..#.
#......#.
.#..#......#.
.#..'......'.
#..#...K..#.
# #..5...#


You could see an ogre.

Vanquished Creatures
  2 ogres
  2 lemures (D:5)
  A scorpion (D:4)
  A jelly (D:4)
  An iguana (D:5)
  7 adders
  A white imp (D:5)
  3 worms
  4 dart slugs (D:3)
  2 orcs (D:3)
  7 ball pythons
  6 bats
  6 endoplasms
  3 giant cockroaches
  10 goblins
  11 hobgoblins
  A jackal (D:3)
  3 quokkas
  2 frilled lizards
  6 kobolds
  A rat (D:1)
80 creatures vanquished.

Notes
Turn   | Place    | Note
-------+----------+-------------------------------------------
     0 | D:1      | qw the Gargoyle Hexslinger began the quest for the Orb.
     0 | D:1      | Reached XP level 1. HP: 12/12 MP: 2/2
     0 | D:1      | 0 ||| qw: Version: 0.3-a-51-g015441d
     0 | D:1      | 0 ||| qw: Game counter: 3866
     0 | D:1      | 0 ||| qw: Melee chars always use a shield: true
     0 | D:1      | 0 ||| qw: God list: Okawaru
     0 | D:1      | 0 ||| qw: Allow faded altars: false
     0 | D:1      | 0 ||| qw: Do Orc after clearing Dungeon:15 true
     0 | D:1      | 0 ||| qw: Do second Lair branch before Depths: true
     0 | D:1      | 0 ||| qw: Lair rune preference: random
     0 | D:1      | 0 ||| qw: Goals: Normal
     0 | D:1      | 0 ||| PLANNING D:1-11
    69 | D:1      | Found a faded altar of an unknown god.
   115 | D:1      | Reached XP level 2. HP: 16/16 MP: 3/3
   340 | D:1      | Reached skill level 3 in Ranged Weapons
   524 | D:1      | Reached XP level 3. HP: 13/21 MP: 4/4
   769 | D:1      | 769 ||| UPGRADING to +0 leather armour.
   779 | D:1      | 779 ||| DROPPING +0 robe.
   780 | D:1      | 780 ||| UPGRADING to amulet of guardian spirit.
   785 | D:1      | 785 ||| DROPPING ring of magical power.
   786 | D:1      | 786 ||| READING scroll labelled XULEIS SAYS.
   787 | D:1      | 787 ||| READING scroll labelled NUDICW VIEMUMN.
   888 | D:1      | 888 ||| READING scroll labelled UKHEXK FEURURU.
   889 | D:1      | 889 ||| DROPPING scroll of poison.
  1378 | D:2      | Reached XP level 4. HP: 26/26 MP: 5/5
  1411 | D:2      | Reached skill level 4 in Ranged Weapons
  1411 | D:2      | 1411 ||| FLEEEEING.
  1412 | D:2      | 1412 ||| FLEEEEING.
  1413 | D:2      | 1413 ||| FLEEEEING.
  1414 | D:2      | 1414 ||| FLEEEEING.
  1415 | D:2      | 1415 ||| FLEEEEING.
  1416 | D:2      | 1416 ||| FLEEEEING.
  1690 | D:2      | 1690 ||| UPGRADING to +0 ring mail.
  1700 | D:2      | 1700 ||| DROPPING +0 leather armour.
  1701 | D:2      | 1701 ||| DROPPING ring of flight.
  1702 | D:2      | 1702 ||| READING 2 scrolls labelled NOACAL ME ZAY.
  1703 | D:2      | 1703 ||| READING scroll labelled LEARASEUWK.
  1704 | D:2      | 1704 ||| READING scroll labelled XAMNEZESAI.
  1800 | D:3      | Identified the +2 dagger of Fedhas's Envy {spect, Dex+5}
  1885 | D:3      | Reached skill level 1 in Armour
  1903 | D:3      | 1903 ||| SWAPPING to +0 shortbow.
  1904 | D:3      | 1904 ||| DROPPING +2 sling of flaming.
  2098 | D:3      | 2098 ||| STAIRDANCE
  2118 | D:2      | 2118 ||| DROPPING +6 ring of intelligence.
  2119 | D:2      | 2119 ||| READING scroll labelled CAOPLUIBEQ.
  2120 | D:2      | 2120 ||| READING scroll labelled BAEXODAPNY.
  2173 | D:3      | Reached XP level 5. HP: 23/30 MP: 4/6
  2233 | D:3      | 2233 ||| READING scroll of brand weapon.
  2233 | D:3      | 2233 ||| BRANDING +0 shortbow.
  2499 | D:3      | Found Raffau's Weapon Shoppe.
  2522 | D:3      | 2522 ||| READING 3 scrolls of identify.
  2522 | D:3      | 2522 ||| IDENTIFYING emerald potion
  2523 | D:3      | 2523 ||| READING 2 scrolls of identify.
  2523 | D:3      | 2523 ||| IDENTIFYING white potion
  2524 | D:3      | 2524 ||| DROPPING potion of attraction.
  2573 | D:4      | Reached skill level 5 in Ranged Weapons
  2743 | D:4      | Found a snail-covered altar of Cheibriados.
  2890 | D:4      | Reached skill level 3 in Fighting
  2890 | D:4      | Reached XP level 6. HP: 37/37 MP: 7/7
  2922 | D:4      | Found a staircase to the Ecumenical Temple.
  2923 | D:4      | 2923 ||| PLANNING TEMPLE
  2923 | D:4      | 2923 ||| UPGRADING to +0 helmet.
  2928 | D:4      | 2928 ||| UPGRADING to amulet of regeneration.
  2938 | D:4      | 2938 ||| DROPPING amulet of guardian spirit.
  2939 | D:4      | 2939 ||| READING 6 scrolls of identify.
  2939 | D:4      | 2939 ||| IDENTIFYING fizzy cyan potion
  2940 | D:4      | 2940 ||| READING 5 scrolls of identify.
  2940 | D:4      | 2940 ||| IDENTIFYING fizzy coppery potion
  2941 | D:4      | 2941 ||| READING 4 scrolls of identify.
  2941 | D:4      | 2941 ||| IDENTIFYING brown potion
  2942 | D:4      | 2942 ||| READING 3 scrolls of identify.
  2942 | D:4      | 2942 ||| IDENTIFYING red potion
  2943 | D:4      | 2943 ||| DROPPING potion of lignification.
  2944 | D:4      | 2944 ||| DROPPING potion of berserk rage.
  2945 | D:4      | 2945 ||| DROPPING potion of brilliance.
  2951 | Temple   | Entered the Ecumenical Temple
  3197 | Temple   | 3197 ||| PLANNING OKAWARU WORSHIP
  3201 | Temple   | Became a worshipper of Warmaster Okawaru
  3202 | Temple   | 3202 ||| PLANNING D:1-11
  3256 | D:5      | Entered Level 5 of the Dungeon
  3279 | D:5      | Found a hide-covered altar of Uskayaw.
  3290 | D:5      | Reached skill level 6 in Ranged Weapons
  3380 | D:5      | Reached XP level 7. HP: 43/43 MP: 8/8
  3509 | D:5      | Noticed Pikel
  3514 | D:5      | 3514 ||| READING 2 scrolls of teleportation.
  3514 | D:5      | HP: 9/43 [Pikel/+1 whip of flaming (8)]
  3515 | D:5      | 3515 ||| DRINKING 2 potions of heal wounds.
  3516 | D:5      | 3516 ||| DRINKING potion of heal wounds.
  3525 | D:5      | 3525 ||| FLEEEEING.
  3526 | D:5      | 3526 ||| FLEEEEING.
  3527 | D:5      | 3527 ||| FLEEEEING.
  3528 | D:5      | 3528 ||| FLEEEEING.
  3529 | D:5      | 3529 ||| READING scroll of teleportation.
  3531 | D:5      | 3531 ||| FLEEEEING.
  3532 | D:5      | 3532 ||| FLEEEEING.
  3533 | D:5      | 3533 ||| FLEEEEING.
  3534 | D:5      | 3534 ||| FLEEEEING.
  3535 | D:5      | 3535 ||| FLEEEEING.
  3536 | D:5      | 3536 ||| FLEEEEING.
  3549 | D:5      | HP: 9/43 [ogre/+0 giant club (14)]
  3553 | D:5      | HP: 2/43 [ogre/+0 giant club (14)]
  3554 | D:5      | Mangled by an ogre

Levels and vault maps discovered:
D:1:      evilmike_arrival_hilbert_curve, layout_loops_ring,
          hellmonk_ecumenical_altar_pennies_from_heaven
D:2:      layout_basic
D:3:      minmay_evil_eye, layout_rooms, serial_shops,
          nicolae_shop_rolling_square, reono_crystal_passage,
          kennysheep_small_spiral
D:4:      layout_rooms, amcnicky_altar_gilded, minmay_temple_entry_overgrown
D:5:      layout_gridville, mainiacjoe_overflow_concentric_impassable,
          uniq_pikel
Temple:   minmay_temple_curvy_branch

Skill      XL: |  1  2  3  4  5  6 |
---------------+-------------------+-----
Ranged Weapons | 3 4 5 6 |  6.0
Fighting       | 2 3 4 |  4.1
Armour         | 1 |  1.2
Dodging        | |  1.5
Spellcasting   | |  1.0
Hexes          | |  2.6

Action                     |  1- 3 |  4- 6 |  7- 9 || total
---------------------------+-------+-------+-------++-------
  Melee: Unarmed           |       |       |     1 ||     1
   Fire: Sling             |   121 |    38 |       ||   159
         Shortbow          |       |   121 |    25 ||   146
    Use: Scroll            |     3 |    12 |     2 ||    17
         Potion            |       |       |     2 ||     2
 Armour: Robe              |     9 |       |       ||     9
         Leather armour    |     8 |     6 |       ||    14
         Ring mail         |       |    33 |     8 ||    41
  Dodge: Dodged            |    38 |    49 |    20 ||   107

Table legend:
 A = Non-vault XP
 B = Vault XP
 C = Vault XP percentage of total XP
 D = Non-vault monster count
 E = Vault monster count
 F = Vault count percentage of total count
                 A         B        C        D         E       F
            +---------+---------+-------+---------+---------+-------
      Total |     622 |       8 |   1.3 |      74 |       4 |   5.1
            +---------+---------+-------+---------+---------+-------
        D:1 |      39 |       0 |   0.0 |      22 |       0 |   0.0
        D:2 |      67 |       0 |   0.0 |      17 |       0 |   0.0
        D:3 |      75 |       8 |   9.6 |      21 |       4 |  16.0
        D:4 |     272 |       0 |   0.0 |      11 |       0 |   0.0
        D:5 |     169 |       0 |   0.0 |       3 |       0 |   0.0
            +---------+---------+-------+---------+---------+-------
